 Dungeon Sprint DCSS version 0.27-a0-1228-gfd60fd639a (webtiles) character file.

Game seed: 1414817402924145572

3920 mhtbhm the Eclecticist (level 10, -4/50 HPs)
             Began as a Deep Elf Earth Elementalist on June 7, 2021.
             Was the Champion of Vehumet.
             Shot with a bolt by a naga sharpshooter (25 damage)
             ... in the Dungeon (Sprint VII: "The Pits").
             The game lasted 00:05:22 (1939 turns).

mhtbhm the Eclecticist (DEEE)                       Turns: 1939, Time: 00:05:23

Health: -4/50      AC:  6    Str:  5    XL:     10   Next: 1%
Magic:  14/34      EV: 15    Int: 24    God:    Vehumet [******]
Gold:   0          SH:  0    Dex: 18    Spells: 27/45 levels left

rFire    . . .     SeeInvis .   a - +2 rapier (drain)
rCold    . . .     Faith    .   (no shield)
rNeg     . . .     Spirit   .   c - +0 robe
rPois    .         Reflect  .   q - +0 helmet
rElec    .         Harm     .   (no cloak)
rCorr    .         Rampage  .   (no gloves)
Will     +....     NoTele   +   (no boots)
Stlth    +++.......             (no amulet)
HPRegen  0.16/turn              m - +3 ring of dexterity
MPRegen  0.24/turn              n - +3 ring of protection

@: no status effects
A: no striking features
a: Renounce Religion


You were in the Dungeon.
You worshipped Vehumet.
Vehumet was exalted by your worship.
You visited 1 branch

Inventory:

Hand Weapons
 a - a +2 rapier of draining (weapon)
Missiles
 b - 29 stones
Armour
 c - a +0 robe (worn)
 q - a +0 helmet (worn)
Jewellery
 m - a +3 ring of dexterity (left hand)
 n - a +3 ring of protection (right hand)
Scrolls
 i - a scroll of blinking
 j - 5 scrolls of amnesia
 k - a scroll of summoning
Potions
 d - 8 potions of curing
 e - 12 potions of heal wounds
 f - a potion of haste
 g - 4 potions of magic
 h - 4 potions of berserk rage
 l - 2 potions of invisibility
 o - a potion of resistance
 p - a potion of mutation


   Skills:
 + Level 6.1 Dodging
 + Level 6.4 Stealth
 + Level 18.2 Spellcasting
 + Level 2.0 Conjurations
 + Level 2.8 Transmutations
 + Level 17.0 Earth Magic


You had 27 spell levels left.
You knew the following spells:

 Your Spells              Type           Power      Damage    Failure   Level
a - Sandblast             Erth           100%       2d20      0%          1
b - Foxfire               Conj/Fire      100%       2x1d9     1%          1
c - Stone Arrow           Conj/Erth      100%       3d13      1%          3
d - Lee's Rapid Deconstr  Erth           40%        3d21*     1%          5
e - Petrify               Tmut/Erth      62%        N/A       1%          4
f - Sticky Flame          Conj/Fire      26%        2d5       4%          4

Your spell library contained the following spells:

 Spells                   Type           Power      Damage    Failure   Level
 Conjure Ball Lightning   Conj/Air       13%        3x3d6     47%         6
 Passwall                 Tmut/Erth      51%        N/A       1%          2


Dungeon Overview and Level Annotations

Branches:
Dungeon (1/1)

Altars:
Ashenzari
Cheibriados
Dithmenos
Elyvilon
Fedhas
Gozag
Hepliaklqana
Kikubaaqudgha
Makhleb
Nemelex Xobeh
Okawaru
Qazlal
Ru
Sif Muna
Trog
Uskayaw
Vehumet
Wu Jian
Xom
Yredelemnul
Zin
The Shining One
Beogh
Jiyva
Lugonu


Message History

You kill the efreet!
Vehumet accepts your kill.
You feel your power returning.
Unknown command.
Casting: Lee's Rapid Deconstruction (safe; 1% risk of failure)
Confirm with . or Enter, or press ? or * to list all spells.
Aiming: Lee's Rapid Deconstruction (safe; 1% risk of failure)
Press: ? - help, Dir - move target A metal wall.
The metal wall shatters!
The blast of metal fragments hits the smoke demon!!!
You kill the smoke demon!
Vehumet accepts your kill.
You feel your power returning.
Your Spellcasting skill increases to level 18!
Your Earth Magic skill increases to level 17!
You have reached level 10!
You start resting.
Something unseen opens the door.
A lindwurm comes into view.
A naga sharpshooter comes into view. It is wielding a +0 hand axe.
A naga mage comes into view. It is wielding a +0 club.
The naga mage shouts!
The naga sharpshooter shouts!
A sun demon comes into view.
The naga mage casts a spell at the naga sharpshooter.
The naga sharpshooter seems to grow toxic.
A naga warrior and a guardian mummy come into view.
The lindwurm roars!
The naga mage casts a spell.
The naga mage seems to speed up.
The lindwurm breathes flames at you. The blast of flame hits you!!
Ouch! That really hurt!
The naga sharpshooter unwields a +0 hand axe.
The naga sharpshooter wields a +0 arbalest.
The naga sharpshooter gestures wildly while chanting.
The naga sharpshooter magically shoots a bolt.
The bolt hits you!!
Ouch! That really hurt!
You die...

....##''#########
....##.))...#...+
....##....###...# M
<...##...##.+... N.
....##..##.†##'## ##kN.
....##..#.†##.†.##..'N3
....##..#..#.....#..#
######..'..'.....)).+
######..#..#....@#..#
...[##..#..##...## .+
..[[##..##..##'## #
..))##...##.+.(.+
..))##...†###...#
..))##......#...+
#################


You could see a naga warrior, a naga sharpshooter (curare), a lindwurm (catching
breath), a guardian mummy and a naga mage (fast).

Vanquished Creatures
  An orc knight (D)
  A cyclops (D)
  A smoke demon (D)
  A cane toad (D)
  An efreet (D)
  A freezing wraith (D)
  A jumping spider (D)
  A hornet (D)
  3 yaks (D)
  A fire bat (D)
  A basilisk (D)
  A floating eye (D)
  A black bear (D)
  A sky beast (D)
  A centaur (D)
  A phantom (D)
  A kobold brigand (D)
  A gnoll sergeant (D)
  A scorpion (D)
  3 wights (D)
  A hound (D)
  An iron imp (D)
  A hell rat (D)
  An adder (D)
  4 gnolls (D)
  2 river rats (D)
  A white imp (D)
  An adder zombie (D)
  An endoplasm (D)
  2 giant cockroaches (D)
  2 hobgoblins (D)
  2 jackals (D)
  A quokka (D)
  A ball python skeleton (D)
  A bat (D)
  A rat (D)
47 creatures vanquished.

Notes
Turn   | Place    | Note
-------+----------+-------------------------------------------
     0 | D        | mhtbhm the Deep Elf Earth Elementalist began the quest for
                  | the Orb.
     0 | D        | Reached XP level 1. HP: 10/10 MP: 6/6
    10 | D        | Reached skill level 4 in Spellcasting
    10 | D        | Reached XP level 2. HP: 15/15 MP: 6/9
    15 | D        | Found a bloodstained altar of Trog.
    15 | D        | Found a shimmering blue altar of Sif Muna.
    15 | D        | Found a viscous altar of Jiyva.
    15 | D        | Found a hazy altar of Hepliaklqana.
    15 | D        | Found an opulent altar of Gozag.
    16 | D        | Found a glowing golden altar of the Shining One.
    16 | D        | Found a glowing silver altar of Zin.
    16 | D        | Found a basalt altar of Yredelemnul.
    16 | D        | Found a shimmering altar of Xom.
    16 | D        | Found an ornate altar of the Wu Jian Council.
    16 | D        | Found a sacrificial altar of Ru.
    16 | D        | Found a stormy altar of Qazlal.
    16 | D        | Found an iron altar of Okawaru.
    16 | D        | Found a sparkling altar of Nemelex Xobeh.
    16 | D        | Found a burning altar of Makhleb.
    16 | D        | Found a blossoming altar of Fedhas.
    16 | D        | Found a white marble altar of Elyvilon.
    16 | D        | Found a shadowy altar of Dithmenos.
    16 | D        | Found a snail-covered altar of Cheibriados.
    18 | D        | Found a radiant altar of Vehumet.
    18 | D        | Found a corrupted altar of Lugonu.
    19 | D        | Found a hide-covered altar of Uskayaw.
    19 | D        | Found an ancient bone altar of Kikubaaqudgha.
    19 | D        | Found a broken altar of Ashenzari.
    26 | D        | Became a worshipper of Vehumet
    68 | D        | Noticed a floating eye
    70 | D        | Killed a floating eye
    71 | D        | Reached skill level 6 in Spellcasting
    71 | D        | Reached XP level 3. HP: 19/19 MP: 8/13
    71 | D        | Reached XP level 4. HP: 24/24 MP: 8/14
   226 | D        | Reached * piety under Vehumet
   226 | D        | Offered knowledge of Foxfire by Vehumet.
   229 | D        | Learned a level 1 spell: Foxfire
   233 | D        | Learned a level 3 spell: Stone Arrow
   360 | D        | Noticed a scorpion
   362 | D        | Killed a scorpion
   362 | D        | Reached ** piety under Vehumet
   362 | D        | Offered knowledge of Magic Dart by Vehumet.
   363 | D        | Reached skill level 5 in Dodging
   363 | D        | Reached skill level 7 in Spellcasting
   363 | D        | Reached XP level 5. HP: 28/28 MP: 13/17
   368 | D        | Reached skill level 8 in Spellcasting
   467 | D        | Learned a level 5 spell: Lee's Rapid Deconstruction
   472 | D        | Learned a level 4 spell: Petrify
   534 | D        | Noticed a black bear
   535 | D        | Offered knowledge of Conjure Flame by Vehumet.
   535 | D        | Reached *** piety under Vehumet
   536 | D        | Reached skill level 5 in Stealth
   536 | D        | Reached skill level 9 in Spellcasting
   536 | D        | Reached skill level 10 in Earth Magic
   536 | D        | Reached XP level 6. HP: 32/32 MP: 15/20
   537 | D        | Reached skill level 10 in Spellcasting
   539 | D        | Reached **** piety under Vehumet
   813 | D        | Offered knowledge of Sticky Flame by Vehumet.
   827 | D        | Learned a level 4 spell: Sticky Flame
   844 | D        | Offered knowledge of Yara's Violent Unravelling by Vehumet.
   869 | D        | Noticed an orc knight
   872 | D        | Killed an orc knight
   873 | D        | Reached skill level 13 in Spellcasting
   873 | D        | Reached skill level 1 in Conjurations
   873 | D        | Reached XP level 7. HP: 8/36 MP: 9/25
  1106 | D        | Noticed a fire bat
  1107 | D        | Killed a fire bat
  1107 | D        | Reached ***** piety under Vehumet
  1107 | D        | Offered knowledge of Lightning Bolt by Vehumet.
  1108 | D        | Reached XP level 8. HP: 41/41 MP: 22/27
  1158 | D        | Noticed a jumping spider
  1159 | D        | Killed a jumping spider
  1160 | D        | Reached skill level 14 in Spellcasting
  1431 | D        | Noticed a hornet
  1434 | D        | Killed a hornet
  1434 | D        | Offered knowledge of Iskenderun's Battlesphere by Vehumet.
  1435 | D        | Reached skill level 15 in Spellcasting
  1735 | D        | Reached skill level 16 in Spellcasting
  1735 | D        | Reached skill level 15 in Earth Magic
  1735 | D        | Reached XP level 9. HP: 45/45 MP: 21/31
  1736 | D        | Offered knowledge of Conjure Ball Lightning by Vehumet.
  1793 | D        | Noticed a cane toad
  1796 | D        | Killed a cane toad
  1888 | D        | Noticed a cyclops
  1894 | D        | Killed a cyclops
  1895 | D        | Reached skill level 17 in Spellcasting
  1929 | D        | Noticed a freezing wraith
  1931 | D        | Noticed an efreet
  1933 | D        | Killed a freezing wraith
  1933 | D        | Noticed a smoke demon
  1934 | D        | Killed an efreet
  1934 | D        | Reached ****** piety under Vehumet
  1935 | D        | Killed a smoke demon
  1936 | D        | Reached skill level 18 in Spellcasting
  1936 | D        | Reached XP level 10. HP: 50/50 MP: 13/34
  1937 | D        | Noticed a lindwurm
  1938 | D        | Noticed a naga sharpshooter
  1938 | D        | Noticed a naga mage
  1938 | D        | Noticed a sun demon
  1939 | D        | Noticed a naga warrior
  1939 | D        | Shot with a bolt by a naga sharpshooter

Illustrated notes

Levels and vault maps discovered:
D:        pitsprint [storerooms_1, entrance_room_1, metal_vault_6, armoury_1,
          mini_pit_1, grid_room_1, main_hall_1, silver_pit, the_coven_1,
          the_vestibule_1, steel_vault_2, golden_pit, hallway_of_sentries,
          crystal_vault_1, iron_vault_2, final_vault]

Skill      XL: |  1  2  3  4  5  6  7  8  9 |
---------------+----------------------------+-----
Spellcasting   | 4 6 7 9 13 16 18 | 18.2
Earth Magic    | 4 8 9 10 13 15 17 | 17.0
Dodging        | 4 5 6 |  6.1
Stealth        | 4 5 6 |  6.4
Transmutations | 2 |  2.8
Conjurations   | 1 2 |  2.0

Action                   |  1- 3 |  4- 6 |  7- 9 | 10-12 || total
-------------------------+-------+-------+-------+-------++-------
 Cast: Sandblast         |     3 |     8 |       |       ||    11
       Stone Arrow       |       |     4 |       |       ||     4
       Lee's Rapid Decon |       |     8 |    24 |       ||    32
       Petrify           |       |       |     1 |       ||     1
Armor: Robe              |       |     1 |       |       ||     1
Dodge: Dodged            |       |     2 |     5 |       ||     7

Table legend: (Time is in decaauts)
 A = Elapsed time spent in this place.
 B = Non-inter-level travel time spent in this place.
 C = Inter-level travel time spent in this place.
 D = Time resting spent in this place.
 E = Time spent auto-exploring this place.
 F = Levels seen in this place.
 G = Mean time per level.
                   A        B        C        D        E       F      G
               +--------+--------+--------+--------+--------+-----+--------+
         Total |   1936 |   1936 |      0 |   1488 |     30 |   1 | 1936.0 |
       Dungeon |   1936 |   1936 |      0 |   1488 |     30 |   1 | 1936.0 |
               +--------+--------+--------+--------+--------+-----+--------+

Top non-repeatable levels by time:
       D: 1936 daAuts
